 Dungeon Crawl Stone Soup version 0.28-a0-1347-g113dc556a4 (webtiles) character file.

Game seed: 15994672336032799411

148 bearlyready the Magician (level 5, -8/35 HPs)
             Began as a Djinni Fire Elementalist on Dec 29, 2021.
             Mangled by a gnoll (10 damage)
             ... on level 2 of the Dungeon.
             The game lasted 00:04:54 (3048 turns).

bearlyready the Magician (Djinni Fire Elementalist) Turns: 3048, Time: 00:04:55

Health: -8/35      AC:  2    Str:  7    XL:     5   Next: 56%
Gold:   80         EV: 12    Int: 19    God:
                   SH:  0    Dex: 13

rFire   + + .      SeeInvis .   m - +0 whip
rCold   x . .      Faith    .   (no shield)
rNeg    . . .      Spirit   .   a - +0 robe
rPois   ∞          Reflect  .   (no helmet)
rElec   .          Harm     .   (no cloak)
rCorr   .          Rampage  .   (no gloves)
Will    .....                   (boots unavailable)
Stlth   +.........              (no amulet)
HPRegen 0.11/turn               (no ring)
MPRegen 0.00/turn               (no ring)

@: lit by a corona, attractive, flying, glowing
A: sickness immunity, fire resistance 2, cold vulnerability 1, float, innate
caster, hp casting, extra vitality 1
a: no special abilities


You were on level 2 of the Dungeon.
You visited 1 branch of the dungeon, and saw 3 of its levels.

You collected 80 gold pieces.

Inventory:

Hand Weapons
 m - a +0 whip (weapon)
Missiles
 e - 40 stones
 j - 6 boomerangs
Armour
 a - a +0 robe (worn)
 l - a +2 tower shield of protection
Scrolls
 b - a scroll of amnesia {unknown}
 c - a scroll of identify {unknown}
 f - 2 scrolls of magic mapping {unknown}
Potions
 d - 2 potions of attraction
 g - a potion of ambrosia {unknown}
 h - a potion of might {unknown}
 i - a potion of curing {unknown}


   Skills:
 - Level 2.1 Dodging
 - Level 1.5 Stealth
 + Level 4.5 Spellcasting


You couldn't memorise any spells.
You knew the following spells:

 Your Spells              Type           Power      Damage    Failure   Level
a - Foxfire               Conj/Fire      84%        2x1d8     1%          1
b - Scorch                Fire           42%        2d7       3%          2
c - Conjure Flame         Conj/Fire      21%        6-21      6%          3
d - Inner Flame           Hex/Fire       21%        N/A       6%          3
e - Flame Wave            Conj/Fire      21%        2d6       21%         4
f - Beastly Appendage     Tmut           42%        N/A       1%          1
g - Blink                 Tloc           42%        N/A       3%          2
Your spell library was empty.

Dungeon Overview and Level Annotations

Branches:
Dungeon (3/15)

Altars:
Trog

Annotations:
D:3 Robin


Innate Abilities, Weirdness & Mutations

You are immune to sickness and miasma.
You are immune to poison.
Your flesh is very heat resistant. (rF++)
You are vulnerable to cold. (rC-)
You float through the air rather than walking.
You learn spells naturally, not from books.
Your magical power is your life essence.
You have superior vitality. (+4 MHP)


Message History

The gnoll shaman hits you with a +0 whip.
The gnoll misses you.
There is a stone staircase leading up here.
The gnoll shaman hits you with a +0 whip!
The gnoll barely misses you.
You fly upwards.
There is a stone staircase leading down here.
Casting: Foxfire (safe; 1% risk of failure)
Confirm with . or Enter, or press ? or * to list all spells.
Flames lash the gnoll shaman.
The gnoll shaman is heavily wounded.
The gnoll shaman's fire resistance burns away.
The gnoll shaman closely misses you. The gnoll hits you with a +0 halberd.
Casting: Scorch (safe; 3% risk of failure)
Confirm with . or Enter, or press ? or * to list all spells.
Flames lash the gnoll shaman.
The gnoll shaman is burned terribly!
The gnoll shaman is severely wounded.
* * * LOW HITPOINT WARNING * * *
The gnoll shaman hits you with a +0 whip.
* * * LOW HITPOINT WARNING * * *
The gnoll hits you with a +0 halberd.
* * * LOW HITPOINT WARNING * * *
It was a potion of attraction.
You feel attractive to monsters. The gnoll shaman barely misses you.
The gnoll closely misses you.
Blink to where?
Press: ? - help, Dir - move target
As you read the scroll labelled SOJ LOEDGHO, it crumbles to dust.
It was a scroll of blinking.
The gnoll shaman is no longer more vulnerable to fire.
The gnoll shaman prays to its god.
The gnoll shaman is healed somewhat.
The gnoll shaman is attracted toward you.
The gnoll is attracted toward you.
The gnoll shaman invokes the aid of its god against you.
You are outlined in light.
The gnoll shaman is attracted toward you.
The gnoll is attracted toward you.
The gnoll hits you from afar with a +0 halberd!
You die...

<............#######..###....##..
.......#####<.....#..####...##...
##.##############...##...§.##....
##...........###........§........
.................#####..§####....
###...........######.§§..####....
#..........#####g..###.##......
#>...............#)##..#..##...
###.............@g....#.##.####..
..........>...###.###......# ###
..................# ###...##
..#####.####...#### ###..######
..# ###......#.###########......#
..###......#.....................
###............###.......#######.
###.#.#####..#####....>..# #.
.##...##........##.......# #.


You could see a gnoll shaman and a gnoll.

Vanquished Creatures
  Natasha (twice) (D:3)
  2 adders
  A gnoll (D:3)
  5 dart slugs
  9 ball pythons
  2 bats (D:2)
  4 endoplasms
  2 giant cockroaches
  9 goblins
  4 hobgoblins (D:2)
  6 jackals
  A quokka (D:1)
  3 kobolds
  7 rats
57 creatures vanquished.

Vanquished Creatures (collateral kills)
  A foxfire (D:1)
1 creature vanquished.

Vanquished Creatures (others)
  175 foxfires
175 creatures vanquished.

Grand Total: 233 creatures vanquished

Notes
Turn   | Place    | Note
-------+----------+-------------------------------------------
     0 | D:1      | bearlyready the Djinni Fire Elementalist began the quest
                  | for the Orb.
     0 | D:1      | Reached XP level 1. HP: 15/15 MP: 0/0
   707 | D:1      | Reached XP level 2. HP: 20/21 MP: 0/0
  1174 | D:2      | Reached skill level 3 in Spellcasting
  1261 | D:2      | Reached XP level 3. HP: 18/25 MP: 0/0
  1261 | D:2      | Learned a level 1 spell: Beastly Appendage
  1349 | D:2      | Found a bloodstained altar of Trog.
  2360 | D:2      | Reached XP level 4. HP: 29/31 MP: 0/0
  2631 | D:3      | Noticed Natasha
  2636 | D:3      | Killed Natasha
  2637 | D:3      | Reached skill level 4 in Spellcasting
  2637 | D:3      | Reached XP level 5. HP: 23/35 MP: 0/0
  2637 | D:3      | Learned a level 2 spell: Blink
  2737 | D:3      | Noticed Natasha
  2745 | D:3      | Killed Natasha
  2755 | D:3      | Noticed Robin
  3044 | D:2      | HP: 1/35 [gnoll (4)]
  3048 | D:2      | Mangled by a gnoll

Illustrated notes

Levels and vault maps discovered:
D:1:      tarquinn_simple_flora_water_c, layout_loops_ring,
          minmay_misc_feat_room, columned_hall_lemuel, minmay_misc_feat_hallway
D:2:      layout_rooms, basic_altar, kennysheep_nub, kennysheep_generic_room_6
D:3:      layout_rooms, serial_shops, nicolae_shop_advertising_works
          [nicolae_subvault_shop_adworks], portal_sewer_entry_f, moated_statue,
          nicolae_concentric_dashed_squares_mild, uniq_robin, uniq_natasha,
          uniq_sigmund

Skill      XL: |  1  2  3  4 |
---------------+-------------+-----
Spellcasting   | 3 4 |  4.5
Dodging        | |  2.1
Stealth        | |  1.5

Action                   |  1- 3 |  4- 6 || total
-------------------------+-------+-------++-------
Melee: Unarmed           |    10 |     3 ||    13
       Whip              |       |     3 ||     3
 Cast: Foxfire           |    66 |    42 ||   108
       Scorch            |       |     2 ||     2
  Use: Scroll            |       |     1 ||     1
       Potion            |       |     1 ||     1
Armor: Robe              |     5 |     6 ||    11
Dodge: Dodged            |    28 |    23 ||    51

Table legend: (Time is in decaauts)
 A = Elapsed time spent in this place.
 B = Non-inter-level travel time spent in this place.
 C = Inter-level travel time spent in this place.
 D = Time resting spent in this place.
 E = Time spent auto-exploring this place.
 F = Levels seen in this place.
 G = Mean time per level.
                   A        B        C        D        E       F      G
               +--------+--------+--------+--------+--------+-----+--------+
         Total |   3055 |   2964 |     91 |    304 |   2295 |   3 | 1018.3 |
       Dungeon |   3055 |   2964 |     91 |    304 |   2295 |   3 | 1018.3 |
               +--------+--------+--------+--------+--------+-----+--------+

Top non-repeatable levels by time:
     D:2: 1650 daAuts
     D:1: 1169 daAuts
     D:3: 236 daAuts
